 Dungeon Crawl Stone Soup version 0.26.1-11-gd32895ea62 (webtiles) character file.

Game seed: 15014601689274601029

4796 phalm the Destroyer (level 10, -11/74 HPs)
             Began as a Gnoll Conjurer on June 12, 2021.
             Was a Priest of Cheibriados.
             Mangled by a catoblepas (14 damage)
             ... while petrified by a catoblepas
             ... on level 8 of the Dungeon.
             The game lasted 00:24:00 (10779 turns).

phalm the Destroyer (Gnoll Conjurer)               Turns: 10779, Time: 00:24:01

Health: -11/74     AC:  4    Str: 18    XL:     10   Next: 48%
Magic:  9/21       EV:  2    Int: 32    God:    Cheibriados [***...]
Gold:   580        SH:  0    Dex: 21    Spells: 12/23 levels left

rFire    . . .     SeeInvis .   G - +3 rapier (drain)
rCold    + . .     Faith    .   T - +2 kite shield
rNeg     + + +     Spirit   .   B - +0 leather armour {rC+}
rPois    ∞         Reflect  .   e - +0 helmet
rElec    .         Harm     .   (no cloak)
rCorr    .         Rampage  .   (no gloves)
Will     .....                  (no boots)
Stlth    ++++......             g - amulet of regeneration
HPRegen  0.62/turn              P - ring of poison resistance
MPRegen  0.17/turn              Z - ring of wizardry

@: petrified, very slow
A: distributed training, fangs 1, strong nose
a: Renounce Religion, Bend Time, Temporal Distortion


You were on level 8 of the Dungeon.
You worshipped Cheibriados.
Cheibriados was most pleased with you.
You visited 1 branch of the dungeon, and saw 8 of its levels.
You also visited: Ossuary.

You collected 580 gold pieces.


Innate Abilities, Weirdness & Mutations

Your experience applies equally to all skills.
You have very sharp teeth.
Your uncanny sense of smell can sniff out nearby items.


   Skills:
 + Level 5.3 Fighting
 + Level 5.3 Short Blades
 + Level 5.3 Long Blades
 + Level 5.3 Axes
 + Level 5.3 Maces & Flails
 + Level 5.3 Polearms
 + Level 5.3 Staves
 + Level 5.3 Slings
 + Level 5.3 Bows
 + Level 5.3 Crossbows
 + Level 5.3 Throwing
 + Level 5.3 Armour
 + Level 7.1 Dodging
 + Level 6.8 Stealth
 + Level 5.3 Shields
 + Level 5.3 Unarmed Combat
 + Level 7.4 Spellcasting
 + Level 8.4 Conjurations
 + Level 4.4 Hexes
 + Level 4.4 Summonings
 + Level 4.4 Necromancy
 + Level 4.4 Translocations
 + Level 4.4 Transmutations
 + Level 4.4 Fire Magic
 + Level 4.4 Ice Magic
 + Level 4.4 Air Magic
 + Level 4.4 Earth Magic
 + Level 4.4 Poison Magic
 + Level 5.8 Invocations
 + Level 5.3 Evocations


You had 12 spell levels left.
You knew the following spells:

 Your Spells              Type           Power        Failure   Level
f - Fulminant Prism       Conj/Hex       26%          4%          4
m - Magic Dart            Conj           100%         1%          1
s - Searing Ray           Conj           100%         1%          2
X - Iskenderun's Mystic   Conj/Tloc      52%          4%          4

Your spell library contained the following spells:

 Spells                   Type           Power        Failure   Level
 Dazzling Flash           Conj/Hex       100%         1%          3

Inventory:

Hand Weapons
 a - a +3 flail of holy wrath
   (You took it off Edmund on level 4 of the Dungeon)
 G - a +3 rapier of draining (weapon)
   (You took it off Duvessa on level 4 of the Dungeon)
Missiles
 h - 51 sling bullets
 j - 208 stones
 q - 195 arrows
 t - 52 bolts
 I - 5 boomerangs
 J - a throwing net {=f!f}
 Q - 3 javelins
 U - 6 poisoned darts
Armour
 e - a +0 helmet (worn)
   (You found it on level 1 of the Dungeon)
 B - a +0 leather armour of cold resistance (worn)
   (You took it off Edmund on level 4 of the Dungeon)
 C - a +3 leather armour of poison resistance
   (You took it off Eustachio on level 4 of the Dungeon)
 T - a +2 kite shield (worn)
   (You found it on level 7 of the Dungeon)
 V - a +0 cloak
   (You found it on level 8 of the Dungeon)
Jewellery
 g - an amulet of regeneration (around neck)
   (You found it on level 1 of the Dungeon)
 F - an uncursed ring of fire
   (You found it on level 3 of the Dungeon)
 P - a ring of poison resistance (left hand)
   (You found it on level 7 of the Dungeon)
 Z - a ring of wizardry (right hand)
   (You found it on level 4 of the Dungeon)
Wands
 x - a wand of disintegration (9)
   (You found it on level 3 of the Dungeon)
 y - a wand of acid (8)
   (You took it off Ijyb on level 3 of the Dungeon)
 A - a wand of flame (45)
   (You took it off Edmund on level 4 of the Dungeon)
 D - a wand of digging (8)
   (You took it off Eustachio on level 4 of the Dungeon)
 S - a wand of polymorph (7)
   (You found it on level 7 of the Dungeon)
Scrolls
 c - a scroll of amnesia
 d - 3 scrolls of immolation {unknown}
 f - a scroll of noise {unknown}
 i - a scroll of enchant armour
 m - 7 scrolls of teleportation {@r4}
 n - 6 scrolls of enchant weapon
 r - 5 scrolls of blinking {unknown}
 s - 4 scrolls of magic mapping {!r}
 u - 3 scrolls of remove curse {@r2}
 v - a scroll of fog {unknown}
 H - a scroll of fear {unknown}
 K - a scroll of summoning {unknown}
Potions
 b - 3 potions of brilliance
 k - a potion of heal wounds {@q2}
 l - 2 potions of cancellation
 o - a potion of attraction {unknown}
 p - a potion of flight {unknown}
 w - 4 potions of curing {unknown}
 z - 5 potions of haste {forbidden@q3}
 E - 2 potions of lignification {!q}
 L - a potion of mutation {unknown}
 M - 2 potions of might {unknown}
 N - a potion of magic {unknown}
 O - a potion of ambrosia {unknown}
 R - 2 potions of degeneration {unknown}

Dungeon Overview and Level Annotations

Branches:
Dungeon (8/15)             Temple (0/1) D:6         Ossuary (visited)
   Lair: D:8-11

Altars:
Cheibriados
Dithmenos
Elyvilon
Fedhas
Gozag
Nemelex Xobeh
Sif Muna
Vehumet
Wu Jian
The Shining One

#.# ..# ∆ # #.#
##..# ∆ #
###'##....# #
#......# #
#......# ###
#......###.##∆
######
#.....##.##.# #
#.....
#..[..##.YF## .#
#.....
##.....##@##.##.#
#.....
#.......†.###...#
#.....
#....###..#
#.##.# #)..<.
#....# ####∆.#.
#..... #....# ##
## #..... #....#
#..... #....#
#..... #....#
###### ###### #..


You could see a catoblepas and a bullfrog.


Message History

😕 HP[+1]
Casting: Searing Ray (safe; 1% risk of failure)
Confirm with . or Enter, or press ? or * to list all spells.
Aiming: Searing Ray (safe; 1% risk of failure)
Press: ? - help, Shift-Dir - straight line, f - catoblepas
Aim: a catoblepas (calcifying dust, 0% to evade)
The searing ray hits the catoblepas. (Press . to maintain the ray.) 😕 MP[-2]
You lost 2 mp, and now have 19/21 mp.
The searing ray hits the catoblepas.
The catoblepas misses you. 😕 HP[+1] MP[-1]
You lost 1 mp, and now have 18/21 mp.
The searing ray hits the catoblepas!
You block the catoblepas's attack. 😕 HP[+1] MP[-1]
You lost 1 mp, and now have 17/21 mp.
The searing ray hits the catoblepas.
The searing ray hits the bullfrog!
You finish channeling your searing ray.
The bullfrog is engulfed in calcifying dust.
The bullfrog is moving more slowly.
The catoblepas breathes a plume of calcifying dust at you.
The blast of calcifying dust hits you. 😕 HP[-3] MP[-1]
You take 3 damage, and now have 66/74 hp.
You lost 1 mp, and now have 16/21 mp.
Casting: Searing Ray (safe; 1% risk of failure)
Confirm with . or Enter, or press ? or * to list all spells.
Aiming: Searing Ray (safe; 1% risk of failure)
Press: ? - help, Shift-Dir - straight line, f/p - catoblepas
Aim: a catoblepas (moderately wounded, 0% to evade)
Okay, then.
Casting: Searing Ray (safe; 1% risk of failure)
Confirm with . or Enter, or press ? or * to list all spells.
Okay, then.
You are engulfed in calcifying dust.
You are slowing down.
The catoblepas breathes a plume of calcifying dust at you.
The blast of calcifying dust hits you!
Your limbs are stiffening. 😕 HP[-5] MP[+1]
You take 5 damage, and now have 61/74 hp.
The catoblepas breathes a plume of calcifying dust at you.
The blast of calcifying dust hits you.
The bullfrog is engulfed in calcifying dust.
The bullfrog stops moving altogether!
The catoblepas gores you but does no damage.
The bullfrog is engulfed in calcifying dust.
You have turned to stone.
You are engulfed in calcifying dust.
The bullfrog is engulfed in calcifying dust. x2
The catoblepas gores you!!
You are engulfed in calcifying dust.
The bullfrog is engulfed in calcifying dust. x2
The catoblepas gores you.
The bullfrog is engulfed in calcifying dust.
You are engulfed in calcifying dust.
The catoblepas gores you. The catoblepas gores you!!
* * * LOW HITPOINT WARNING * * *
The catoblepas gores you!
* * * LOW HITPOINT WARNING * * *
The catoblepas gores you!!
* * * LOW HITPOINT WARNING * * *
The catoblepas gores you!!
* * * LOW HITPOINT WARNING * * *
You turn to flesh and can move again. 😱 HP[-58] MP[+1]
You take 58 damage, and now have 3/74 hp.
MASSIVE DAMAGE!! (PAUSE)
You feel much better.
The catoblepas breathes a plume of calcifying dust at you.
The blast of calcifying dust hits you.
* * * LOW HITPOINT WARNING * * *
😨 HP[+29]
You regained 29 hp, and now have 32/74 hp.
You can feel time thicken for a moment.
You are engulfed in calcifying dust.
The catoblepas breathes a plume of calcifying dust at you.
The blast of calcifying dust hits you.
* * * LOW HITPOINT WARNING * * *
😨 HP[-3] MP[-4]
You take 3 damage, and now have 29/74 hp.
You lost 4 mp, and now have 14/21 mp.
You can feel time thicken for a moment.
You can no longer inflict damage on those overly hasty.
Cheibriados lowers the support of your attributes as your movement quickens.
You are engulfed in calcifying dust.
You are slowing down.
The catoblepas gores you.
* * * LOW HITPOINT WARNING * * *
😨 HP[-3] MP[-5]
You take 3 damage, and now have 26/74 hp.
You lost 5 mp, and now have 9/21 mp.
The catoblepas gores you!!
* * * LOW HITPOINT WARNING * * *
The catoblepas gores you!!
* * * LOW HITPOINT WARNING * * *
You have turned to stone.
The catoblepas gores you!!
You die...

Skill      XL: |  1  2  3  4  5  6  7  8  9 10 |
---------------+-------------------------------+-----
Spellcasting   | 5 6 7 |  7.4
Invocations    | 1 2 3 4 5 |  5.8
Fighting       | 1 2 3 4 5 |  5.3
Short Blades   | 1 2 3 4 5 |  5.3
Long Blades    | 1 2 3 4 5 |  5.3
Axes           | 1 2 3 4 5 |  5.3
Maces & Flails | 1 2 3 4 5 |  5.3
Polearms       | 1 2 3 4 5 |  5.3
Staves         | 1 2 3 4 5 |  5.3
Slings         | 1 2 3 4 5 |  5.3
Bows           | 1 2 3 4 5 |  5.3
Crossbows      | 1 2 3 4 5 |  5.3
Throwing       | 1 2 3 4 5 |  5.3
Armour         | 1 2 3 4 5 |  5.3
Shields        | 1 2 3 4 5 |  5.3
Unarmed Combat | 1 2 3 4 5 |  5.3
Evocations     | 1 2 3 4 5 |  5.3
Hexes          | 1 2 3 4 |  4.4
Summonings     | 1 2 3 4 |  4.4
Necromancy     | 1 2 3 4 |  4.4
Translocations | 1 2 3 4 |  4.4
Transmutations | 1 2 3 4 |  4.4
Fire Magic     | 1 2 3 4 |  4.4
Ice Magic      | 1 2 3 4 |  4.4
Air Magic      | 1 2 3 4 |  4.4
Earth Magic    | 1 2 3 4 |  4.4
Poison Magic   | 1 2 3 4 |  4.4
Dodging        | 5 6 7 |  7.1
Stealth        | 5 6 |  6.8
Conjurations   | 8 |  8.4

Action                   |  1- 3 |  4- 6 |  7- 9 | 10-12 || total
-------------------------+-------+-------+-------+-------++-------
Melee: Unarmed           |    15 |       |       |       ||    15
       Bite              |     3 |       |    13 |     2 ||    18
       Whip              |     2 |       |       |       ||     2
       Flail             |       |     5 |     3 |       ||     8
       Rapier            |       |       |    85 |     9 ||    94
       Punch             |       |       |     1 |       ||     1
 Cast: Magic Dart        |    63 |   125 |   181 |    72 ||   441
       Searing Ray       |     1 |    10 |    37 |    20 ||    68
       Iskenderun's Myst |       |       |     2 |       ||     2
Invok: Slouch            |       |       |       |     2 ||     2
Evoke: Wand              |       |       |     1 |       ||     1
  Use: Scroll            |       |       |    12 |       ||    12
       Potion            |       |       |       |     1 ||     1
 Stab: Sleeping          |       |       |     2 |       ||     2
Armor: Robe              |    10 |     1 |       |       ||    11
       Leather armour    |       |     2 |    19 |     5 ||    26
Dodge: Dodged            |    30 |    13 |   106 |    20 ||   169
Block: Kite shield       |       |       |     3 |    33 ||    36

Levels and vault maps discovered:
D:1:      dpeg_arrival_simpleton_c, layout_loops_corners, hex_medium
D:2:      layout_loops_ring, amcnicky_mini_pool_small, st_stairs_10,
          nemelex_spade_bored_becter
D:3:      layout_basic, tso_metal_star, minivault_25, hangedman_decor_opposing,
          uniq_ijyb
D:4:      layout_basic, fedhas_ov_isle_minmay, elyvilon_altar_5, uniq_edmund,
          uniq_duvessa, uniq_eustachio
D:5:      layout_loops_ring, nzn_wu_jian_council_hall, lemuel_blue_sif_altar,
          lemuel_round_altar, minmay_misc_feat_hallway
D:6:      layout_basic, minmay_temple_entry_sparse_star,
          nicolae_ossuary_entry_monument, chequers_mini_garden, uniq_pikel,
          uniq_sigmund, uniq_blork_the_orc
D:7:      layout_basic, vehumet_altar_wand_db, basic_altar,
          nicolae_dithmenos_shadow_blocks
D:8:      minmay_cornered_nines, layout_basic, uniq_grum

Notes
Turn   | Place    | Note
-------+----------+-------------------------------------------
     0 | D:1      | phalm the Gnoll Conjurer began the quest for the Orb.
     0 | D:1      | Reached XP level 1. HP: 13/13 MP: 6/6
     0 | D:1      | magus.rc [v1.9.10]
   146 | D:1      | Reached XP level 2. HP: 11/19 MP: 0/7
   665 | D:1      | Reached XP level 3. HP: 25/25 MP: 6/9
   668 | D:1      | Learned a level 2 spell: Searing Ray
   753 | D:1      | Reached skill level 5 in Spellcasting
  1161 | D:1      | Reached skill level 1 in Invocations
  1427 | D:2      | Reached skill level 1 in Fighting
  1427 | D:2      | Reached skill level 1 in Short Blades
  1427 | D:2      | Reached skill level 1 in Long Blades
  1427 | D:2      | Reached skill level 1 in Axes
  1427 | D:2      | Reached skill level 1 in Maces & Flails
  1427 | D:2      | Reached skill level 1 in Polearms
  1427 | D:2      | Reached skill level 1 in Staves
  1427 | D:2      | Reached skill level 1 in Slings
  1427 | D:2      | Reached skill level 1 in Bows
  1427 | D:2      | Reached skill level 1 in Crossbows
  1427 | D:2      | Reached skill level 1 in Throwing
  1427 | D:2      | Reached skill level 1 in Armour
  1427 | D:2      | Reached skill level 1 in Shields
  1427 | D:2      | Reached skill level 1 in Unarmed Combat
  1427 | D:2      | Reached skill level 1 in Evocations
  1555 | D:2      | Reached XP level 4. HP: 32/32 MP: 6/11
  2579 | D:2      | Found a sparkling altar of Nemelex Xobeh.
  2629 | D:3      | Reached skill level 1 in Hexes
  2629 | D:3      | Reached skill level 1 in Summonings
  2629 | D:3      | Reached skill level 1 in Necromancy
  2629 | D:3      | Reached skill level 1 in Translocations
  2629 | D:3      | Reached skill level 1 in Transmutations
  2629 | D:3      | Reached skill level 1 in Fire Magic
  2629 | D:3      | Reached skill level 1 in Ice Magic
  2629 | D:3      | Reached skill level 1 in Air Magic
  2629 | D:3      | Reached skill level 1 in Earth Magic
  2629 | D:3      | Reached skill level 1 in Poison Magic
  2698 | D:3      | Reached XP level 5. HP: 37/37 MP: 5/12
  2705 | D:3      | Learned a level 4 spell: Fulminant Prism
  2710 | D:3      | Learned a level 4 spell: Iskenderun's Mystic Blast
  2982 | D:3      | Found a glowing golden altar of the Shining One.
  3313 | D:3      | Noticed Ijyb
  3318 | D:3      | Killed Ijyb
  3518 | D:3      | Reached skill level 2 in Invocations
  3518 | D:3      | Reached XP level 6. HP: 40/44 MP: 4/13
  3835 | D:4      | Found a blossoming altar of Fedhas.
  4174 | D:4      | Noticed Edmund
  4185 | D:4      | Killed Edmund
  4186 | D:4      | Reached skill level 2 in Fighting
  4186 | D:4      | Reached skill level 2 in Short Blades
  4186 | D:4      | Reached skill level 2 in Long Blades
  4186 | D:4      | Reached skill level 2 in Axes
  4186 | D:4      | Reached skill level 2 in Maces & Flails
  4186 | D:4      | Reached skill level 2 in Polearms
  4186 | D:4      | Reached skill level 2 in Staves
  4186 | D:4      | Reached skill level 2 in Slings
  4186 | D:4      | Reached skill level 2 in Bows
  4186 | D:4      | Reached skill level 2 in Crossbows
  4186 | D:4      | Reached skill level 2 in Throwing
  4186 | D:4      | Reached skill level 2 in Armour
  4186 | D:4      | Reached skill level 5 in Dodging
  4186 | D:4      | Reached skill level 2 in Shields
  4186 | D:4      | Reached skill level 2 in Unarmed Combat
  4186 | D:4      | Reached skill level 2 in Evocations
  4216 | D:4      | Noticed Duvessa
  4280 | D:4      | Noticed Dowan
  4284 | D:4      | Noticed a phantom
  4285 | D:4      | Found a white marble altar of Elyvilon.
  4305 | D:4      | Killed a phantom
  4306 | D:4      | Reached XP level 7. HP: 50/50 MP: 4/15
  4470 | D:4      | Noticed Eustachio
  4482 | D:4      | Killed Eustachio
  4483 | D:4      | Reached skill level 2 in Hexes
  4483 | D:4      | Reached skill level 2 in Summonings
  4483 | D:4      | Reached skill level 2 in Necromancy
  4483 | D:4      | Reached skill level 2 in Translocations
  4483 | D:4      | Reached skill level 2 in Transmutations
  4483 | D:4      | Reached skill level 2 in Fire Magic
  4483 | D:4      | Reached skill level 2 in Ice Magic
  4483 | D:4      | Reached skill level 2 in Air Magic
  4483 | D:4      | Reached skill level 2 in Earth Magic
  4483 | D:4      | Reached skill level 2 in Poison Magic
  4748 | D:4      | Killed Dowan
  4749 | D:4      | Reached skill level 5 in Stealth
  4796 | D:4      | Killed Duvessa
  4797 | D:4      | Reached skill level 3 in Invocations
  5121 | D:5      | Entered Level 5 of the Dungeon
  5278 | D:5      | Reached XP level 8. HP: 57/57 MP: 10/16
  5325 | D:5      | Found a shimmering blue altar of Sif Muna.
  5373 | D:5      | Found a snail-covered altar of Cheibriados.
  5380 | D:5      | Became a worshipper of Cheibriados the Contemplative
  5711 | D:5      | Reached skill level 3 in Fighting
  5711 | D:5      | Reached skill level 3 in Short Blades
  5711 | D:5      | Reached skill level 3 in Long Blades
  5711 | D:5      | Reached skill level 3 in Axes
  5711 | D:5      | Reached skill level 3 in Maces & Flails
  5711 | D:5      | Reached skill level 3 in Polearms
  5711 | D:5      | Reached skill level 3 in Staves
  5711 | D:5      | Reached skill level 3 in Slings
  5711 | D:5      | Reached skill level 3 in Bows
  5711 | D:5      | Reached skill level 3 in Crossbows
  5711 | D:5      | Reached skill level 3 in Throwing
  5711 | D:5      | Reached skill level 3 in Armour
  5711 | D:5      | Reached skill level 3 in Shields
  5711 | D:5      | Reached skill level 3 in Unarmed Combat
  5711 | D:5      | Reached skill level 3 in Evocations
  5997 | D:5      | Reached skill level 6 in Spellcasting
  6111 | D:5      | Found an ornate altar of the Wu Jian Council.
  6466 | D:6      | Noticed Blork the orc
  6474 | D:6      | Killed Blork the orc
  6474 | D:6      | Reached * piety under Cheibriados
  6516 | D:6      | Found a sand-covered staircase.
  6523 | Ossuary  | Entered an ossuary
  6886 | Ossuary  | Reached skill level 3 in Hexes
  6886 | Ossuary  | Reached skill level 3 in Summonings
  6886 | Ossuary  | Reached skill level 3 in Necromancy
  6886 | Ossuary  | Reached skill level 3 in Translocations
  6886 | Ossuary  | Reached skill level 3 in Transmutations
  6886 | Ossuary  | Reached skill level 3 in Fire Magic
  6886 | Ossuary  | Reached skill level 3 in Ice Magic
  6886 | Ossuary  | Reached skill level 3 in Air Magic
  6886 | Ossuary  | Reached skill level 3 in Earth Magic
  6886 | Ossuary  | Reached skill level 3 in Poison Magic
  6886 | Ossuary  | Reached skill level 4 in Invocations
  7059 | Ossuary  | Reached skill level 6 in Dodging
  7176 | Ossuary  | Reached XP level 9. HP: 65/65 MP: 7/18
  7392 | Ossuary  | Reached ** piety under Cheibriados
  7502 | D:6      | Noticed Pikel
  7507 | D:6      | Killed Pikel
  7508 | D:6      | Reached skill level 4 in Fighting
  7508 | D:6      | Reached skill level 4 in Short Blades
  7508 | D:6      | Reached skill level 4 in Long Blades
  7508 | D:6      | Reached skill level 4 in Axes
  7508 | D:6      | Reached skill level 4 in Maces & Flails
  7508 | D:6      | Reached skill level 4 in Polearms
  7508 | D:6      | Reached skill level 4 in Staves
  7508 | D:6      | Reached skill level 4 in Slings
  7508 | D:6      | Reached skill level 4 in Bows
  7508 | D:6      | Reached skill level 4 in Crossbows
  7508 | D:6      | Reached skill level 4 in Throwing
  7508 | D:6      | Reached skill level 4 in Armour
  7508 | D:6      | Reached skill level 6 in Stealth
  7508 | D:6      | Reached skill level 4 in Shields
  7508 | D:6      | Reached skill level 4 in Unarmed Combat
  7508 | D:6      | Reached skill level 8 in Conjurations
  7508 | D:6      | Reached skill level 4 in Evocations
  7510 | D:6      | Noticed Sigmund
  7515 | D:6      | Killed Sigmund
  7611 | D:6      | Found a staircase to the Ecumenical Temple.
  8484 | D:7      | Found a shadowy altar of Dithmenos.
  8486 | D:7      | Found an opulent altar of Gozag.
  8781 | D:7      | Reached skill level 5 in Invocations
  9216 | D:7      | Found a radiant altar of Vehumet.
  9354 | D:7      | Reached *** piety under Cheibriados
  9355 | D:7      | Reached skill level 7 in Spellcasting
  9355 | D:7      | Reached XP level 10. HP: 67/73 MP: 16/20
  9356 | D:7      | Reached skill level 4 in Hexes
  9356 | D:7      | Reached skill level 4 in Summonings
  9356 | D:7      | Reached skill level 4 in Necromancy
  9356 | D:7      | Reached skill level 4 in Translocations
  9356 | D:7      | Reached skill level 4 in Transmutations
  9356 | D:7      | Reached skill level 4 in Fire Magic
  9356 | D:7      | Reached skill level 4 in Ice Magic
  9356 | D:7      | Reached skill level 4 in Air Magic
  9356 | D:7      | Reached skill level 4 in Earth Magic
  9356 | D:7      | Reached skill level 4 in Poison Magic
  9846 | D:8      | Reached skill level 5 in Fighting
  9846 | D:8      | Reached skill level 5 in Short Blades
  9846 | D:8      | Reached skill level 5 in Long Blades
  9846 | D:8      | Reached skill level 5 in Axes
  9846 | D:8      | Reached skill level 5 in Maces & Flails
  9846 | D:8      | Reached skill level 5 in Polearms
  9846 | D:8      | Reached skill level 5 in Staves
  9846 | D:8      | Reached skill level 5 in Slings
  9846 | D:8      | Reached skill level 5 in Bows
  9846 | D:8      | Reached skill level 5 in Crossbows
  9846 | D:8      | Reached skill level 5 in Throwing
  9846 | D:8      | Reached skill level 5 in Armour
  9846 | D:8      | Reached skill level 5 in Shields
  9846 | D:8      | Reached skill level 5 in Unarmed Combat
  9846 | D:8      | Reached skill level 5 in Evocations
 10029 | D:8      | Noticed Grum
 10038 | D:8      | Killed Grum
 10281 | D:8      | Reached skill level 7 in Dodging
 10321 | D:8      | Reached **** piety under Cheibriados
 10760 | D:8      | Noticed a catoblepas
 10774 | D:8      | HP: 3/74 [catoblepas (16)]
 10779 | D:8      | Mangled by a catoblepas

Vanquished Creatures
  Pikel (D:6)
  Sigmund (D:6)
  Eustachio (D:4)
  Grum (D:8)
  Edmund (D:4)
  A soldier ant (D:8)
  Duvessa (D:4)
  An orc warrior (D:6)
  A phantom (D:4)
  An ogre (D:8)
  2 centaurs
  3 wolves (D:8)
  2 lemures (D:6)
  A big kobold (D:8)
  Blork the orc (D:6)
  3 bullfrogs
  Dowan (D:4)
  2 scorpions
  12 killer bees
  4 wights (D:7)
  5 bullfrog zombies
  3 centaur zombies
  7 hounds
  2 jellies
  2 orc priests (D:8)
  A bullfrog skeleton (D:4)
  Ijyb (D:3)
  4 iguanas (D:5)
  6 orc wizards
  5 worker ants
  A killer bee zombie (Ossuary)
  3 hound zombies (Ossuary)
  A hound skeleton (D:6)
  16 mummies (Ossuary)
  3 worker ant zombies
  7 gnolls
  11 adders
  3 white imps
  2 ufetubi
  2 adder zombies (Ossuary)
  2 worms
  3 dart slugs
  2 leopard geckos
  21 orcs
  2 ball pythons
  8 giant cockroaches
  13 goblins
  10 hobgoblins
  10 jackals
  6 quokkas
  13 bats
  3 frilled lizards
  A giant cockroach zombie (Ossuary)
  3 jackal zombies
  8 kobolds
  A leopard gecko zombie (Ossuary)
  5 rats
237 creatures vanquished.

Vanquished Creatures (others)
  4 plants (D:4)
  7 withered plants (Ossuary)
11 creatures vanquished.

Grand Total: 248 creatures vanquished

Table legend:
 A = Non-vault XP
 B = Vault XP
 C = Vault XP percentage of total XP
 D = Non-vault monster count
 E = Vault monster count
 F = Vault count percentage of total count
                 A         B        C        D         E       F
            +---------+---------+-------+---------+---------+-------
      Total |    3809 |    3043 |  44.4 |     184 |      51 |  21.7
            +---------+---------+-------+---------+---------+-------
        D:1 |      63 |       0 |   0.0 |      34 |       0 |   0.0
        D:2 |      46 |       7 |  13.2 |      19 |       4 |  17.4
        D:3 |     194 |      36 |  15.7 |      31 |       1 |   3.1
        D:4 |     200 |     593 |  74.8 |      10 |       4 |  28.6
        D:5 |     481 |       0 |   0.0 |      20 |       0 |   0.0
        D:6 |     285 |     986 |  77.6 |       8 |       3 |  27.3
        D:7 |    1438 |       2 |   0.1 |      35 |       1 |   2.8
        D:8 |    1102 |     697 |  38.7 |      27 |       5 |  15.6
    Ossuary |       0 |     722 | 100.0 |       0 |      33 | 100.0
            +---------+---------+-------+---------+---------+-------

Illustrated notes

Table legend:
 A = Kills in this place as a percentage of kills in entire the game.
 B = Kills by you in this place as a percentage of kills by you in the entire game.
 C = Kills by friends in this place as a percentage of kills by friends in the entire game.
 D = Other kills in this place as a percentage of other kills in the entire game.
 E = Experience gained in this place as a percentage of experience gained in the entire game.
 F = Experience gained in this place divided by the number of levels of this place that you have seen.
                   A       B       C       D       E      F
               +-------+-------+-------+-------+-------+----------------------
         Total | 100.0 | 100.0 |   N/A |   N/A | 100.0 | 761.3
       Dungeon |  86.0 |  86.0 |   N/A |   N/A |  89.5 | 766.2
       Ossuary |  14.0 |  14.0 |   N/A |   N/A |  10.5 | 722.0
               +-------+-------+-------+-------+-------+----------------------

Table legend: (Time is in decaauts)
 A = Elapsed time spent in this place.
 B = Non-inter-level travel time spent in this place.
 C = Inter-level travel time spent in this place.
 D = Time resting spent in this place.
 E = Time spent auto-exploring this place.
 F = Levels seen in this place.
 G = Mean time per level.
                   A        B        C        D        E       F      G
               +--------+--------+--------+--------+--------+-----+--------+
         Total |  11955 |  11637 |    318 |     15 |  10215 |   9 | 1328.3 |
       Dungeon |  10892 |  10574 |    318 |      3 |   9432 |   8 | 1361.5 |
       Ossuary |   1062 |   1062 |      0 |     12 |    782 |   1 | 1062.0 |
               +--------+--------+--------+--------+--------+-----+--------+

Top non-repeatable levels by time:
     D:7: 1666 daAuts
     D:5: 1548 daAuts
     D:4: 1448 daAuts
     D:1: 1424 daAuts
     D:6: 1367 daAuts
     D:2: 1200 daAuts
     D:8: 1191 daAuts
 Ossuary: 1062 daAuts
     D:3: 1045 daAuts
